 Dungeon Crawl Stone Soup version 0.21-a0-404-g291f19a (webtiles) character file.

48388 kae the Geomancer (level 14, -3/84 HPs)
             Began as a Gargoyle Earth Elementalist on Oct 26, 2017.
             Was a High Priest of Vehumet.
             Slain by a spiny frog (15 damage)
             ... on level 6 of the Lair of Beasts.
             The game lasted 00:38:40 (25359 turns).

kae the Geomancer (Gargoyle Earth Elementalist)    Turns: 25359, Time: 00:38:41

Health: -3/84      AC: 21    Str: 13    XL:     14   Next: 46%
Magic:  20/37      EV: 14    Int: 22    God:    Vehumet [*****.]
Gold:   903        SH:  0    Dex: 10    Spells: 21/34 levels left

rFire    . . .     SeeInvis .   s - +6 quarterstaff (freeze)
rCold    . . .     Gourm    +   (shield currently unavailable)
rNeg     + . .     Faith    .   c - +0 robe
rPois    ∞         Spirit   .   V - +1 hat {MR+}
rElec    +         Reflect  .   r - +0 cloak
rCorr    .         Harm     .   w - +1 pair of gloves
MR       ++...                  D - +2 pair of boots
Stlth    ++........             B - amulet of the gourmand
HPRegen  0.24/turn              J - +2 ring of intelligence
MPRegen  0.25/turn              O - ring of magical power

@: no status effects
A: big wings, negative energy resistance 1, electricity resistance, unbreathing,
petrification resistance, rot immunity, AC +10
a: Fly, Renounce Religion


You were on level 6 of the Lair of Beasts.
You worshipped Vehumet.
Vehumet was extremely pleased with you.
You were full.

You visited 3 branches of the dungeon, and saw 17 of its levels.
You also visited: Sewer and Volcano.

You collected 903 gold pieces.

Inventory:

Hand Weapons
 f - a +1 club
 s - a +6 quarterstaff of freezing (weapon)
Missiles
 b - 69 stones (quivered)
Armour
 c - a +0 robe (worn)
 r - a +0 cloak (worn)
 w - a +1 pair of gloves (worn)
 D - a +2 pair of boots (worn)
 G - a +0 buckler
 V - a +1 hat of magic resistance (worn)
Jewellery
 v - an uncursed ring of see invisible
 A - an uncursed ring of positive energy
 B - an amulet of the gourmand (around neck)
 J - a +2 ring of intelligence (left hand)
 O - a ring of magical power (right hand)
 S - an uncursed ring of protection from fire
Wands
 o - a wand of iceblast (12/15)
 y - a wand of iceblast (11/15)
 E - a wand of flame (16/48)
 F - a wand of digging (13/24)
Scrolls
 g - 4 scrolls of blinking
 p - 2 scrolls of recharging
 x - 9 scrolls of remove curse
 C - 2 scrolls of amnesia
 L - a scroll of holy word
 T - 4 scrolls of identify
 Z - a scroll of fear
Potions
 h - a potion of might
 k - 8 potions of curing
 l - 4 potions of flight
 n - a potion of berserk rage
 t - 5 potions of agility
 u - 2 potions of brilliance
 z - 3 potions of resistance
 I - 2 potions of magic
 N - 2 potions of haste
Books
 a - a book of Unlife

   Spells                             Type                      Level
   a - Recall                         Summoning/Translocation      3
   b - Animate Dead                   Necromancy                   4
   c - Control Undead                 Necromancy                   4
   d - Cigotuvi's Embrace             Necromancy                   5
   e - Death Channel                  Necromancy                   6
   f - Simulacrum                     Ice/Necromancy               6
 e - a book of Geomancy

   Spells                             Type                      Level
   a - Sandblast                      Earth                        1
   b - Passwall                       Transmutation/Earth          2
   c - Stone Arrow                    Conjuration/Earth            3
   d - Petrify                        Transmutation/Earth          4
   e - Lee's Rapid Deconstruction     Earth                        5
 K - a book of Cantrips

   Spells                             Type                      Level
   a - Confusing Touch                Hexes                        1
   b - Animate Skeleton               Necromancy                   1
   c - Summon Small Mammal            Summoning                    1
   d - Apportation                    Translocation                1
 R - a book of Minor Magic

   Spells                             Type                      Level
   a - Magic Dart                     Conjuration                  1
   b - Blink                          Translocation                2
   c - Call Imp                       Summoning                    2
   d - Slow                           Hexes                        2
   e - Conjure Flame                  Conjuration/Fire             3
   f - Mephitic Cloud                 Conjuration/Poison/Air       3
Comestibles
 d - 6 bread rations
 i - 5 royal jellies
 j - 27 fruits
 m - 6 meat rations


   Skills:
 + Level 8.1 Fighting
 + Level 7.4 Staves
 + Level 8.0 Armour
 + Level 6.5 Dodging
 - Level 2.5 Stealth
 - Level 4.0 Shields
 + Level 10.8 Spellcasting
 + Level 12.2 Conjurations
 - Level 0.7 Transmutations
 + Level 13.7 Earth Magic


You had 21 spell levels left.
You knew the following spells:

 Your Spells              Type           Power        Failure   Level  Hunger
a - Sandblast             Erth           ######       0%          1    None
b - Stone Arrow           Conj/Erth      ######       1%          3    None
c - Lee's Rapid Deconstr  Erth           ######....   1%          5    ####...
d - Petrify               Tmut/Erth      #####...     2%          4    #......


Dungeon Overview and Level Annotations

Branches:
Dungeon (10/15)            Temple (1/1) D:5            Lair (6/6) D:9
 Shoals (0/4) Lair:3       Spider (0/4) Lair:2        Slime (0/5) Lair:5
    Orc (0/2) D:10

Altars:
Ashenzari
Cheibriados
Dithmenos
Elyvilon
Fedhas
Gozag
Hepliaklqana
Kikubaaqudgha
Makhleb
Nemelex Xobeh
Okawaru
Qazlal
Ru
Sif Muna
Trog
Uskayaw
Vehumet
Wu Jian
Xom
Yredelemnul
Zin
The Shining One
Jiyva

Shops:
D:7 %

Annotations:
D:1 1 runed door
Lair:5 1 runed door


Innate Abilities, Weirdness & Mutations

You are resistant to torment.
Your stone body is resilient. (AC +10)
You are immune to poison.
Your large and strong wings let you fly indefinitely.
You resist negative energy. (rN+)
You are resistant to electric shocks. (rElec)
You can survive without breathing.
You are immune to petrification.
You are immune to rotting.


Message History

Aim: a spiny frog (heavily wounded)
The blast of sand hits the black mamba.
You kill the black mamba!
Vehumet accepts your kill.
You feel your power returning.
b - 70 stones The spiny frog completely misses you.
The spiny frog stings you!
* * * LOW HITPOINT WARNING * * *
Casting: Sandblast
Confirm with . or Enter, or press ? or * to list all spells.
Aiming: Sandblast
Press: ? - help, Shift-Dir - straight line, f/p - spiny frog
Aim: a spiny frog (heavily wounded)
The blast of sand hits the spiny frog.
The spiny frog is lightly wounded.
b - 69 stones The spiny frog stings you.
* * * LOW HITPOINT WARNING * * *
The spiny frog stings you!
You die...

.....##..##..# ##....##[.#..#
.###......#..# ...###..###.†##
.....#####....## .......##...P.†#
.......##......##
P....#####.....F###
P..###..######FF@.### ## ..
.###...##..##.[##[.l### .###..
##....##..####..##....###......
.....##...# #...##.....#.....#
....##...##..##...##.......#...
...##....#....#....##....)#.#.P
..##....##....##....##...####.##
.##.....#......#.....##.## #...#
.##....##......##....##.####...##


You could see a komodo dragon and 3 spiny frogs.

Vanquished Creatures
  Kirke (Lair:5)
  A stone giant (Volcano)
  Nessos (Lair:6)
  10 hydras
  A manticore (Lair:3)
  2 wolf spiders (Lair:6)
  A centaur zombie (D:10)
  A guardian serpent (Lair:6)
  6 elephants (Lair:3)
  3 gargoyles
  2 molten gargoyles (Volcano)
  12 black mambas
  10 spiny frogs
  3 komodo dragons
  An efreet (Volcano)
  A rime drake (Lair:3)
  2 hornets (Lair:6)
  A polar bear (Lair:5)
  8 blink frogs
  16 hippogriffs
  Sigmund (D:4)
  A redback (Lair:6)
  37 yaks
  2 fire bats (Volcano)
  Eustachio (D:5)
  7 wyverns
  6 hogs (Lair:5)
  2 basilisks
  Menkaure (D:5)
  17 water moccasins
  7 porcupines
  Duvessa (D:6)
  A sky beast (D:5)
  2 orc warriors
  A necrophage (D:8)
  An ice beast (D:8)
  An eye of draining (D:10)
  A phantom (D:6)
  3 ogres
  35 wolves
  7 centaurs
  13 crocodiles
  Blork the orc (D:4)
  4 big kobolds
  13 bullfrogs
  2 earth elementals (Volcano)
  Dowan (D:6)
  A wyvern skeleton (D:10)
  5 scorpions
  9 killer bees (D:10)
  An electric eel (Lair:4)
  A howler monkey (D:5)
  4 crimson imps
  9 lava snakes
  6 hounds
  A bullfrog skeleton (D:5)
  3 orc priests
  Crazy Yiuf (D:4)
  2 gnoll shamans (D:6)
  A jelly (D:7)
  8 orc wizards
  4 iguanas
  Ijyb (D:5)
  Jessica (D:3)
  12 worker ants
  3 hound skeletons
  A mummy (D:4)
  A worker ant zombie (D:6)
  16 adders
  10 gnolls
  4 river rats (Sewer)
  3 shadow imps
  2 oozes
  2 adder zombies
  11 worms
  3 dart slugs
  6 leopard geckos
  18 orcs
  8 ball pythons
  9 bats
  8 giant cockroaches
  12 goblins
  10 hobgoblins
  A jackal (D:2)
  2 quokkas
  9 frilled lizards
  A jackal zombie (D:6)
  30 kobolds
  A leopard gecko skeleton (D:5)
  28 rats
  A fungus (Lair:6)
522 creatures vanquished.

Vanquished Creatures (others)
  A bush (D:9)
  32 fungi
  59 plants
92 creatures vanquished.

Grand Total: 614 creatures vanquished

Notes
Turn   | Place    | Note
-------+----------+-------------------------------------------
     0 | D:1      | kae the Gargoyle Earth Elementalist began the quest for the Orb.
     0 | D:1      | Reached XP level 1. HP: 10/10 MP: 3/3
     1 | D:1      | Found a runed door.
   363 | D:1      | Reached XP level 2. HP: 10/15 MP: 0/5
   683 | D:1      | Reached skill level 4 in Earth Magic
   990 | D:1      | Reached XP level 3. HP: 16/19 MP: 6/6
   998 | D:1      | Learned a level 3 spell: Stone Arrow
  1570 | D:2      | Reached skill level 1 in Conjurations
  1623 | D:2      | Reached XP level 4. HP: 14/24 MP: 8/8
  2470 | D:2      | Reached XP level 5. HP: 24/28 MP: 7/9
  2551 | D:2      | Reached skill level 5 in Earth Magic
  3404 | D:3      | Noticed Jessica
  3409 | D:3      | Killed Jessica
  3409 | D:3      | Reached XP level 6. HP: 24/32 MP: 4/11
  3479 | D:4      | Noticed Blork the orc
  3686 | D:4      | Found a runed door.
  3690 | D:4      | Noticed Crazy Yiuf
  3693 | D:4      | Killed Crazy Yiuf
  3860 | D:4      | Found a glowing drain.
  3865 | Sewer    | Entered a sewer
  4002 | Sewer    | Reached skill level 6 in Earth Magic
  4253 | Sewer    | Reached XP level 7. HP: 11/36 MP: 2/13
  5554 | D:4      | Killed Blork the orc
  5554 | D:4      | Reached skill level 5 in Conjurations
  5554 | D:4      | Reached skill level 7 in Earth Magic
  5554 | D:4      | Reached XP level 8. HP: 40/41 MP: 5/15
  5591 | D:4      | Reached skill level 5 in Spellcasting
  5768 | D:4      | Noticed Sigmund
  5790 | D:4      | Killed Sigmund
  6117 | D:5      | Entered Level 5 of the Dungeon
  6312 | D:5      | Noticed Ijyb
  6318 | D:5      | Killed Ijyb
  6555 | D:5      | Noticed Menkaure
  6565 | D:5      | Killed Menkaure
  6565 | D:5      | Reached skill level 8 in Earth Magic
  7028 | D:5      | Found a staircase to the Ecumenical Temple.
  7043 | Temple   | Entered the Ecumenical Temple
  7291 | Temple   | Became a worshipper of Vehumet
  7451 | D:5      | Noticed Eustachio
  7543 | D:5      | Killed Eustachio
  7543 | D:5      | Reached XP level 9. HP: 19/45 MP: 5/18
  8138 | D:6      | Reached skill level 9 in Earth Magic
  8691 | D:6      | Reached * piety under Vehumet
  8691 | D:6      | Offered knowledge of Freeze by Vehumet.
  8887 | D:6      | Noticed Duvessa
  8888 | D:6      | Noticed Dowan
  8901 | D:6      | Killed Duvessa
  8909 | D:6      | Killed Dowan
  9050 | D:6      | Found a blossoming altar of Fedhas.
  9950 | D:7      | Found Cazelown's Food Emporium.
 10248 | D:8      | Reached skill level 10 in Earth Magic
 10265 | D:8      | Offered knowledge of Shock by Vehumet.
 10275 | D:8      | Reached XP level 10. HP: 48/50 MP: 11/21
 10277 | D:8      | Reached ** piety under Vehumet
 11855 | D:9      | Offered knowledge of Searing Ray by Vehumet.
 11941 | D:9      | Reached skill level 1 in Shields
 11964 | D:9      | Found a staircase to the Lair.
 12217 | D:9      | Reached skill level 11 in Earth Magic
 12325 | D:9      | Learned a level 5 spell: Lee's Rapid Deconstruction
 12330 | D:9      | Learned a level 4 spell: Petrify
 12708 | Lair:1   | Entered Level 1 of the Lair of Beasts
 12708 | Lair:1   | Noticed a five-headed hydra
 12708 | Lair:1   | Noticed a spiny frog
 12713 | Lair:1   | Killed a five-headed hydra
 12713 | Lair:1   | Reached skill level 1 in Fighting
 12713 | Lair:1   | Reached skill level 1 in Staves
 12713 | Lair:1   | Reached skill level 1 in Armour
 12717 | D:9      | Killed a spiny frog
 12717 | D:9      | Reached XP level 11. HP: 42/56 MP: 22/23
 13073 | D:10     | Entered Level 10 of the Dungeon
 13373 | D:10     | Found a glowing golden altar of the Shining One.
 13396 | D:10     | Reached *** piety under Vehumet
 13536 | D:10     | Noticed a tengu warrior
 13582 | D:10     | Found a staircase to the Orcish Mines.
 13618 | D:10     | Reached skill level 10 in Conjurations
 13899 | D:10     | Offered knowledge of Sticky Flame by Vehumet.
 14462 | Lair:1   | Noticed a five-headed hydra
 14466 | Lair:1   | Killed a five-headed hydra
 15799 | Lair:2   | Reached XP level 12. HP: 66/66 MP: 12/25
 15806 | Lair:2   | Noticed a four-headed hydra
 15834 | Lair:1   | Reached skill level 12 in Earth Magic
 16092 | Lair:2   | Reached **** piety under Vehumet
 16177 | Lair:2   | Killed a four-headed hydra
 16478 | Lair:2   | Found a hole to the Spider Nest.
 16579 | Lair:2   | Offered knowledge of Dazzling Spray by Vehumet.
 16724 | Lair:2   | Noticed an eight-headed hydra
 16733 | Lair:2   | Killed an eight-headed hydra
 16733 | Lair:2   | Reached skill level 5 in Fighting
 16761 | Lair:2   | Noticed a five-headed hydra
 16763 | Lair:2   | Killed a five-headed hydra
 16763 | Lair:2   | Reached skill level 5 in Armour
 17658 | Lair:3   | Noticed a five-headed hydra
 18058 | Lair:3   | Found a staircase to the Shoals.
 18062 | Lair:3   | Reached skill level 5 in Staves
 18156 | Lair:3   | Killed a five-headed hydra
 18603 | Lair:3   | Reached XP level 13. HP: 74/74 MP: 26/26
 18664 | Lair:3   | Reached skill level 5 in Dodging
 18761 | Lair:3   | Reached ***** piety under Vehumet
 18770 | Lair:3   | Offered knowledge of Conjure Ball Lightning by Vehumet.
 18774 | Lair:3   | Reached skill level 10 in Spellcasting
 20200 | Lair:4   | Reached skill level 13 in Earth Magic
 21246 | Lair:5   | Found a runed door.
 21247 | Lair:5   | Found a viscous altar of Jiyva.
 21249 | Lair:5   | Found a staircase to the Slime Pits.
 21458 | Lair:5   | Noticed Kirke
 21465 | Lair:5   | Noticed a sphinx
 21708 | Lair:5   | Found a dark tunnel.
 21713 | Volcano  | Entered a volcano
 22322 | Volcano  | Found a radiant altar of Vehumet.
 22357 | Volcano  | HP: 1/76 [efreet/scimitar of flaming (13)]
 22372 | Volcano  | Noticed a stone giant
 22724 | Volcano  | Killed a stone giant
 23629 | Lair:5   | Killed Kirke
 23629 | Lair:5   | Gained mutation: Your large and strong wings let you fly indefinitely. [Gargoyle growth]
 23629 | Lair:5   | Reached XP level 14. HP: 82/82 MP: 27/28
 23678 | Lair:6   | Entered Level 6 of the Lair of Beasts
 24071 | Lair:6   | Offered knowledge of Poison Arrow by Vehumet.
 25063 | Lair:6   | Noticed Nessos
 25078 | Lair:6   | Killed Nessos
 25359 | Lair:6   | Slain by a spiny frog

Vault maps used:
D:1:      dpeg_arrival_caged_fury, minmay_misc_feat_diagonals,
          roderic_lattice_a, minmay_distorted
D:2:      grunt_ministairs_8, st_stairs_11
D:3:      uniq_jessica
D:4:      portal_sewer_entry_e, gup_ossuary_entry_pyramid, minmay_vboxes,
          uniq_crazy_yiuf_cottage, uniq_sigmund, uniq_blork_the_orc
D:5:      minmay_temple_entry_statues_pillars, first_bread, serial_curves,
          eino_curves_04, eino_curves_04, eino_curves_04, eino_curves_01,
          hangedman_decor_growths, uniq_ijyb, uniq_eustachio, uniq_menkaure
D:6:      kennysheep_mini, uniq_duvessa
D:7:      serial_shops, nicolae_shop_behind_doors
D:9:      minmay_lair_entry_grove
D:10:     orc_0_dummy, basic_altar, grunt_tengu_nest, minmay_misc_feat_x,
          small_statue_alley_a, basic_loot_grate_trap
Temple:   nicolae_temple_the_god_donut
Lair:2:   nicolae_spider_entry_non_spiders, hangedman_lair_unloving_vines
Lair:3:   minmay_shoals_entry_beasts
Lair:5:   slime_altar_2, enter_volcano_1, serial_bayou_shore_b,
          infiniplex_staircase_pool, grunt_megastairs_2, uniq_kirke
Lair:6:   hangedman_lair_tendril_chambers, uniq_nessos
Sewer:    sewer_minmay_treatment
Volcano:  volcano_lake

Skill      XL: |  1  2  3  4  5  6  7  8  9 10 11 12 13 14 |
---------------+-------------------------------------------+-----
Earth Magic    | 4 5 6 7 8 10 11 12 13 | 13.7
Conjurations   | 1 2 4 5 6 8 9 10 11 12 | 12.2
Spellcasting   | 3 4 6 7 8 9 10 | 10.8
Shields        | 3 4 |  4.0
Fighting       | 1 4 5 7 8 |  8.1
Staves         | 1 3 5 6 7 |  7.4
Armour         | 1 4 5 7 8 |  8.0
Dodging        | 2 3 4 6 |  6.5
Stealth        | |  2.5
Transmutations | |  0.7

Action                   |  1- 3 |  4- 6 |  7- 9 | 10-12 | 13-15 || total
-------------------------+-------+-------+-------+-------+-------++-------
Melee: Club              |   139 |   238 |   244 |   121 |       ||   742
       Unarmed           |    13 |       |       |       |       ||    13
       Quarterstaff      |       |       |       |    24 |    72 ||    96
 Cast: Sandblast         |    16 |    83 |   103 |   112 |   156 ||   470
       Stone Arrow       |       |    16 |   101 |   254 |   258 ||   629
       Lee's Rapid Decon |       |       |       |     9 |    10 ||    19
       Petrify           |       |       |       |     3 |       ||     3
  Use: Scroll            |     4 |     3 |     7 |    15 |     8 ||    37
       Potion            |     1 |       |     5 |       |     6 ||    12
 Stab: Sleeping          |     5 |     6 |     4 |     1 |       ||    16
  Eat: Chunk             |     3 |    10 |    27 |    30 |    19 ||    89
       Fruit             |       |       |     3 |       |     1 ||     4
Armor: Robe              |    64 |   137 |   205 |   207 |   130 ||   743
       Skin              |       |       |       |       |     8 ||     8
Dodge: Dodged            |   151 |   256 |   374 |   240 |   234 ||  1255
Block: Buckler           |       |       |       |    39 |       ||    39

Table legend:
 A = Spawn XP
 B = Non-spawn XP
 C = Spawn XP percentage of total XP
 D = Spawn monster count
 E = Non-spawn monster count
 F = Spawn count percentage of total count
 G = Total turns spent on level
                    A         B        C        D         E        F      G
               +---------+---------+-------+---------+---------+-------+---------
         Total |       0 |   69126 |   0.0 |       0 |     521 |   0.0 | 25359
               +---------+---------+-------+---------+---------+-------+---------
           D:1 |       0 |      57 |   0.0 |       0 |      31 |   0.0 |  1786
           D:2 |       0 |     142 |   0.0 |       0 |      41 |   0.0 |   937
           D:3 |       0 |     169 |   0.0 |       0 |      22 |   0.0 |   867
           D:4 |       0 |     766 |   0.0 |       0 |      22 |   0.0 |  1343
           D:5 |       0 |    1187 |   0.0 |       0 |      24 |   0.0 |  1670
           D:6 |       0 |    1030 |   0.0 |       0 |      25 |   0.0 |  1232
           D:7 |       0 |     458 |   0.0 |       0 |      11 |   0.0 |   921
           D:8 |       0 |    1725 |   0.0 |       0 |      33 |   0.0 |  1323
           D:9 |       0 |    2352 |   0.0 |       0 |      18 |   0.0 |  1759
          D:10 |       0 |    4520 |   0.0 |       0 |      37 |   0.0 |  1174
        Lair:1 |       0 |    5381 |   0.0 |       0 |      17 |   0.0 |  1429
        Lair:2 |       0 |    9846 |   0.0 |       0 |      55 |   0.0 |  2039
        Lair:3 |       0 |   11238 |   0.0 |       0 |      37 |   0.0 |  1824
        Lair:4 |       0 |    3481 |   0.0 |       0 |      16 |   0.0 |  1486
        Lair:5 |       0 |    9131 |   0.0 |       0 |      28 |   0.0 |  1415
        Lair:6 |       0 |   12840 |   0.0 |       0 |      38 |   0.0 |  1360
         Sewer |       0 |     413 |   0.0 |       0 |      48 |   0.0 |  1207
       Volcano |       0 |    4390 |   0.0 |       0 |      18 |   0.0 |  1313
               +---------+---------+-------+---------+---------+-------+---------
